 Dungeon Crawl Stone Soup version 0.27.1-35-g4d5d836560 (webtiles) character file.

Game seed: 1418443298688358132

363 Delamore the Sneak (level 6, 0/45 HPs)
             Began as an Octopode Brigand on June 27, 2022.
             Slain by a phantom (5 damage)
             ... on level 5 of the Dungeon.
             The game lasted 00:02:14 (2923 turns).

Delamore the Sneak (Octopode Brigand)               Turns: 2923, Time: 00:02:14

Health: 0/45       AC:  1    Str: 10    XL:     6   Next: 67%
Magic:  6/6        EV: 15    Int: 14    God:
Gold:   69         SH:  0    Dex: 15    Spells: 5/5 levels left

rFire    . . .     SeeInvis .   a - +2 dagger
rCold    . . .     Faith    .   (no shield)
rNeg     . . .     Spirit   .   (helmet restricted)
rPois    .         Reflect  .   (no amulet)
rElec    .         Harm     .   (no ring)
rCorr    .         Rampage  .   (no ring)
Will     .....                  (no ring)
Stlth    ++++......             (no ring)
HPRegen  0.15/turn              (no ring)
MPRegen  0.10/turn              (no ring)
                                (no ring)
                                (no ring)

@: no status effects
A: almost no armour, amphibious, 8 rings, camouflage 1, gelatinous body 1,
(nimble swimmer 1), tentacles
a: no special abilities


You were on level 5 of the Dungeon.
You visited 1 branch of the dungeon, and saw 6 of its levels.

You collected 69 gold pieces.

Inventory:

Hand Weapons
 a - a +2 dagger (weapon)
Missiles
 b - 8 poisoned darts
 c - a curare-tipped dart (quivered)
Scrolls
 d - a scroll of torment
 g - a scroll of fear {unknown}
 h - 3 scrolls of enchant armour
 m - a scroll of immolation {unknown}
Potions
 f - 3 potions of haste {unknown}
 i - a potion of berserk rage {unknown}
 j - a potion of ambrosia {unknown}
 k - a potion of brilliance {unknown}


   Skills:
 - Level 5.0 Fighting
 - Level 2.0 Short Blades
 - Level 2.0 Throwing
 + Level 4.7 Dodging
 - Level 5.3 Stealth


You had 5 spell levels left.
You didn't know any spells.
Your spell library contained the following spells:

 Spells                   Type           Power      Damage    Failure   Level
 Gell's Gravitas          Tloc           0%         N/A       65%         3
 Lesser Beckoning         Tloc           0%         N/A       65%         3
 Teleport Other           Tloc           0%         N/A       65%         3
 Dispersal                Tloc           0%         N/A       100%        6


Dungeon Overview and Level Annotations

Branches:
Dungeon (6/15)             Temple (0/1) D:5

Altars:
Yredelemnul
The Shining One

Annotations:
D:5 Blork the orc, Ijyb


Innate Abilities, Weirdness & Mutations

You cannot wear most types of armour.
You are amphibious.
You can wear up to eight rings at the same time.
Your skin changes colour to match your surroundings (Stealth+).
Your rubbery body absorbs attacks. (AC +1, EV +1)
((You are camouflaged near water. (Stealth+)))
You have tentacles for arms and can constrict up to eight enemies at once.


Message History

Press: ? - help, Q - select action, (/) - cycle Shift-Dir - straight line, f - hound
Aim: a hound (51% to hit)
You throw a curare-tipped dart. The curare-tipped dart hits the hound.
The hound is poisoned.
The hound convulses.
The hound seems to slow down.
The hound is heavily wounded.
The hound closely misses you.
Found 10 gold pieces.
Blork the orc miscasts a cantrip.
Blork the orc screams, "I'll make a cloak from your skin!"
Blork the orc suddenly yells.
Blork the orc looks satisfied for a moment.
Blork the orc casts a cantrip, but nothing happens.
You kill the hound!
Training target 5.0 for Fighting reached!
Your Fighting skill increases to level 5!
The helpless Ijyb fails to defend herself.
You puncture Ijyb! You grab Ijyb.
Ijyb is heavily wounded.
You constrict Ijyb, but do no damage.
Ijyb zaps a wand.
Your mind is blasted!
You hit Ijyb but do no damage.
Ijyb is heavily wounded.
You constrict Ijyb, but do no damage.
Ijyb zaps a wand.
Your mind is blasted!
* * * LOW HITPOINT WARNING * * *
Blink to where?
Press: ? - help, Dir - move target You lose your grip on Ijyb. 2 orcs and a phantom come into view.
Found a long sword and 16 gold pieces.
Found an escape hatch in the floor.
As you read the scroll of blinking, it crumbles to dust.
The phantom closely misses you.
As you read the scroll of summoning, it crumbles to dust.
Wisps of shadow whirl around you... The phantom closely misses you.
Blork the orc points at you and mumbles some strange words.
The puff of flame misses you. The phantom barely misses you.
Ijyb screams, "Level is mine!
All mine!"
Your water moccasin bites the phantom.
Your orc closely misses the phantom.
The phantom hits you.
You die...

#########
#.......#
####....$..#
#..........#
#@.......
#.WS....#
#.or....#
...o.o).......#
#.
####.###.#.#.##
#.# # #.#.....
.... ###g###.##
..... ..o.. ...
..⌠$..
######..# ##
......


You could see Blork the orc (fast), a phantom (ally target), Ijyb, a friendly
water moccasin (summoned), a friendly orc (summoned) and a friendly quokka
(summoned).

Vanquished Creatures
  Sigmund (D:3)
  A howler monkey (D:5)
  A hound (D:5)
  A jelly (D:6)
  4 adders
  A white imp (D:6)
  2 worms
  3 dart slugs
  2 ball pythons (D:2)
  6 bats
  3 endoplasms
  2 giant cockroaches
  2 goblins
  4 hobgoblins
  2 jackals (D:3)
  A kobold (D:2)
  3 quokkas
  3 frilled lizards
  2 rats
44 creatures vanquished.

Notes
Turn   | Place    | Note
-------+----------+-------------------------------------------
     0 | D:1      | Delamore the Octopode Brigand began the quest for the Orb.
     0 | D:1      | Reached XP level 1. HP: 14/14 MP: 1/1
   298 | D:1      | Reached XP level 2. HP: 15/20 MP: 2/2
  1097 | D:2      | Reached XP level 3. HP: 25/25 MP: 3/3
  1452 | D:2      | Found a basalt altar of Yredelemnul.
  1647 | D:3      | Found a faded altar of an unknown god.
  1663 | D:3      | Reached XP level 4. HP: 10/31 MP: 4/4
  1935 | D:3      | Noticed Sigmund
  1945 | D:3      | Killed Sigmund
  1946 | D:3      | Reached XP level 5. HP: 34/38 MP: 5/5
  1946 | D:3      | Reached XP level 6. HP: 39/44 MP: 6/6
  2219 | D:3      | Found a glowing golden altar of the Shining One.
  2716 | D:4      | You fall into a shaft and drop 2 floors!
  2875 | D:5      | Entered Level 5 of the Dungeon
  2875 | D:5      | Found a staircase to the Ecumenical Temple.
  2880 | D:5      | Noticed Blork the orc
  2909 | D:5      | Noticed Ijyb
  2918 | D:5      | Reached skill level 5 in Fighting
  2923 | D:5      | Slain by a phantom

Illustrated notes

Levels and vault maps discovered:
D:1:      doesnt_arrival_eight_statues, layout_basic
D:2:      layout_loops_cross, basic_altar, minmay_misc_feat_iff
D:3:      layout_loops_ring, mainiacjoe_overflow_24_doors,
          hellmonk_ecumenical_altar_zigzags, uniq_sigmund
D:4:      layout_basic
D:5:      layout_loops_ring, minmay_temple_entry_large_hall, serial_shops,
          nicolae_square_shop, shop, shop_statue, shop_statue, uniq_ijyb,
          uniq_blork_the_orc
D:6:      layout_gridville, mainiacjoe_overflow_six_doors_small,
          kiku_gazebo_garden_becter, serial_shops, shop

Skill      XL: |  1  2  3  4  5  6 |
---------------+-------------------+-----
Dodging        | 2 4 |  4.7
Fighting       | 3 4 5 |  5.0
Short Blades   | |  2.0
Throwing       | |  2.0
Stealth        | |  5.3

Action                   |  1- 3 |  4- 6 || total
-------------------------+-------+-------++-------
Melee: Dagger            |    52 |    33 ||    85
       Constrict         |    11 |     7 ||    18
       Tentacles         |     5 |     5 ||    10
Throw: Dart              |       |     8 ||     8
  Use: Scroll            |     1 |     5 ||     6
 Stab: Sleeping          |    11 |     6 ||    17
Armor: Skin              |     3 |     2 ||     5
Dodge: Dodged            |    22 |    30 ||    52
